[Event "EYCC Girls U20 2021"]
[Site "Tornelo"]
[Date "2021.10.15"]
[Round "1.1"]
[White "Hereklioglu, Sude"]
[Black "Heydarova, Aytaj"]
[Result "0-1"]
[ECO "B52"]
[WhiteElo "1905"]
[BlackElo "1637"]
[Annotator "NA"]
[PlyCount "128"]
[EventDate "2021.10.15"]
[EventType "swiss"]
[EventCountry "NET"]
[SourceTitle "playchess.com"]
[Source "ChessBase"]
[SourceQuality "1"]
[TimeControl "5400+30"]

1. e4 c5 2. Nf3 d6 3. Bb5+ Bd7 4. Bxd7+ Qxd7 5. c4 Nf6 6. Nc3 Nc6 7. O-O g6 8. d4 cxd4 9. Nxd4 Bg7 10. Be3 O-O 11. f3 Rfc8 12. b3 $14 Qd8 13. Qd2 Nxd4 14. Bxd4 Qa5 15. a4 d5 16. exd5 Nxd5 17. Bxg7 Kxg7 18. Qxd5 Qxc3 19. Qxb7 Qe3+ 20. Kh1 Rab8 21. Qa6 Rc7 22. Qa5 Rcb7 23. c5 Rxb3 24. Rac1 Qg5 25. f4 Qd5 26. Rfd1 Qc6 27. Qxa7 R3b7 28. Qa5 Rb4 29. Rd8 R8b7 30. Ra8 Rb1 31. Qc3+ f6 32. Rd8 Qxa4 33. Qe1 Rxc1 34. Qxc1 Qxf4 35. Rd1 Qxc1 36. Rxc1 Rc7 37. g4 Kf7 38. Kg2 Ke6 39. Kf3 Kd5 40. Rd1+ Kxc5 41. Ke4 Ra7 42. h4 Ra4+ 43. Kf3 Rd4 44. Rc1+ Kd6 45. Rc8 Rd3+ 46. Kg2 Ke5 47. Rh8 Kf4 48. h5 Rg3+ 49. Kf2 Rxg4 50. h6 Rh4 51. Rxh7 Kg5 52. Rxe7 Rxh6 53. Kg3 Rh1 54. Rb7 Ra1 55. Rb5+ f5 56. Rb3 Rh1 57. Kg2 Rh4 58. Kg3 f4+ 59. Kg2 Kg4 60. Rb4 Rh8 61. Ra4 Rb8 62. Ra2 g5 63. Rc2 Rb5 64. Ra2 Kf5 0-1

[Event "EYCC Girls U20 2021"]
[Site "Tornelo"]
[Date "2021.10.15"]
[Round "1.2"]
[White "Sliwicka, Alicja"]
[Black "Cvitan, Ena"]
[Result "1-0"]
[ECO "B33"]
[WhiteElo "2304"]
[BlackElo "2260"]
[Annotator "NA"]
[PlyCount "183"]
[EventDate "2021.10.15"]
[EventType "swiss"]
[EventCountry "NET"]
[SourceTitle "playchess.com"]
[Source "ChessBase"]
[SourceQuality "1"]
[TimeControl "5400+30"]

1. e4 c5 2. Nf3 Nc6 3. d4 cxd4 4. Nxd4 Nf6 5. Nc3 h5 6. h3 e5 7. Ndb5 d6 8. a4 a6 9. Na3 $11 Be6 10. Bc4 Qd7 11. Bg5 Be7 12. Bxf6 Bxf6 13. Nd5 Bxd5 14. Bxd5 Rd8 15. c3 Qc7 16. Qd2 Rh6 17. h4 Rg6 18. g3 Rg4 19. Nc4 Ne7 20. Ne3 Rg6 21. Qe2 Qb6 22. a5 Qc7 23. Qxh5 Nc6 24. Qh7 Ne7 25. Nf5 Qc5 26. Rd1 Qxa5 27. O-O Kf8 28. Qh8+ Ng8 29. b4 Qc7 30. Rd3 a5 31. Rfd1 a4 32. Ba2 Be7 33. h5 Rg5 34. h6 gxh6 35. Qh7 Rxf5 36. Qxf5 Nf6 37. Kg2 b5 38. Rh1 Kg7 39. g4 Qc8 40. Rg3 Qxf5 41. gxf5+ Kh7 42. Bxf7 Nxe4 43. f6 Nxf6 44. Bg6+ Kg7 45. Bd3+ Kf7 46. Bxb5 a3 47. c4 d5 48. Rxa3 Bxb4 49. Ra6 Kg6 50. cxd5 Rxd5 51. Ba4 Rd2 52. Rd1 Rxd1 53. Bxd1 Kg5 54. Ra7 Nh5 55. Kf3 Bc5 56. Ra5 Bd4 57. Bc2 Nf4 58. Ra8 h5 59. Rg8+ Kf6 60. Kg3 Ne2+ 61. Kg2 Nf4+ 62. Kf3 h4 63. Be4 Nh3 64. Rg6+ Kf7 65. Rg4 Nxf2 66. Bd5+ Kf6 67. Rxh4 Kf5 68. Bb7 Kg5 69. Rh2 Kf5 70. Bc8+ Kg5 71. Rg2+ Kf6 72. Rg8 Kf7 73. Rd8 Ke7 74. Rd7+ Kf6 75. Rd6+ Kg5 76. Bb7 Kf5 77. Rd8 Kf6 78. Kg3 Kf5 79. Rf8+ Kg5 80. Bf3 Bc5 81. Rf7 Bd4 82. Bd5 Kg6 83. Rf8 Bc5 84. Re8 Bd4 85. Kh4 Kf5 86. Rf8+ Kg6 87. Ba2 Kg7 88. Rf3 Kg6 89. Bb1+ Kh6 90. Rf7 e4 91. Rf4 Be5 92. Rxf2 1-0

[Event "EYCC Girls U20 2021"]
[Site "Tornelo"]
[Date "2021.10.15"]
[Round "1.3"]
[White "Bucur, Denisa-Andreea"]
[Black "Radeva, Viktoria"]
[Result "1/2-1/2"]
[ECO "D37"]
[WhiteElo "2049"]
[BlackElo "2314"]
[Annotator "NA"]
[PlyCount "58"]
[EventDate "2021.10.15"]
[EventType "swiss"]
[EventCountry "NET"]
[SourceTitle "playchess.com"]
[Source "ChessBase"]
[SourceQuality "1"]
[TimeControl "5400+30"]

1. d4 d5 2. c4 e6 3. Nc3 a6 4. cxd5 exd5 5. Nf3 Nf6 6. Bg5 Be6 7. e3 Nbd7 8. Bd3 Bd6 9. O-O c6 10. h3 Qc7 11. e4 dxe4 12. Nxe4 $15 Nxe4 13. Bxe4 h6 14. Bd2 Nf6 15. Bc2 O-O 16. Re1 Rfe8 17. Ne5 Rad8 18. Qe2 Qb6 19. Bc3 Bd5 20. Qd3 Be4 21. Rxe4 Bxe5 22. Rh4 c5 23. Rd1 cxd4 24. Bxd4 Bxd4 25. Rxd4 Rxd4 26. Qxd4 Re1+ 27. Kh2 Qc7+ 28. Qd6 Qxd6+ 29. Rxd6 Kf8 1/2-1/2

[Event "EYCC Girls U20 2021"]
[Site "Tornelo"]
[Date "2021.10.15"]
[Round "1.4"]
[White "Nosacheva, Mariya"]
[Black "Schulze, Lara"]
[Result "1/2-1/2"]
[ECO "C78"]
[WhiteElo "2239"]
[BlackElo "2250"]
[Annotator "NA"]
[PlyCount "90"]
[EventDate "2021.10.15"]
[EventType "swiss"]
[EventCountry "NET"]
[SourceTitle "playchess.com"]
[Source "ChessBase"]
[SourceQuality "1"]
[TimeControl "5400+30"]

1. e4 e5 2. Nf3 Nc6 3. Bb5 a6 4. Ba4 Nf6 5. O-O Bc5 6. c3 b5 7. Bc2 d5 8. exd5 Qxd5 9. Re1 O-O 10. Bb3 $15 Qd6 11. h3 e4 12. d4 exd3 13. Be3 Bf5 14. Nh4 Be4 15. Nd2 Bg6 16. Nxg6 hxg6 17. Bxc5 Qxc5 18. Nf3 Rad8 19. Re3 Qd6 20. Qd2 Rd7 21. Rae1 a5 22. a4 b4 23. Bc4 bxc3 24. bxc3 Qc5 25. Bb5 Rd6 26. Rxd3 Rfd8 27. Rxd6 Rxd6 28. Qf4 Nd8 29. Bc4 Qa3 30. Ng5 Rd7 31. Qh4 Qxc3 32. Re3 Qa1+ 33. Kh2 Qd4 34. Ne4 Ne6 35. Bxe6 fxe6 36. Nxf6+ gxf6 37. Qh6 Qd6+ 38. g3 Rg7 39. Rb3 Qd4 40. Rb8+ Kf7 41. Qh8 Qxf2+ 42. Kh1 Qf1+ 43. Kh2 Qf2+ 44. Kh1 Qf1+ 45. Kh2 Qf2+ 1/2-1/2

[Event "EYCC Girls U20 2021"]
[Site "Tornelo"]
[Date "2021.10.15"]
[Round "1.5"]
[White "Konecny, Sophie"]
[Black "Afonasieva, Anna"]
[Result "0-1"]
[ECO "D23"]
[WhiteElo "1864"]
[BlackElo "2227"]
[Annotator "NA"]
[PlyCount "82"]
[EventDate "2021.10.15"]
[EventType "swiss"]
[EventCountry "NET"]
[SourceTitle "playchess.com"]
[Source "ChessBase"]
[SourceQuality "1"]
[TimeControl "5400+30"]

1. d4 d5 2. c4 c6 3. Nf3 Nf6 4. Qb3 dxc4 5. Qxc4 Bf5 6. g3 e6 7. Bg2 Nbd7 8. O-O Be7 9. Nc3 O-O 10. Re1 h6 11. e4 Bh7 12. a3 $14 a5 13. b3 Rc8 14. b4 axb4 15. axb4 Qb6 16. Ba3 Ra8 17. Qb3 Rfd8 18. Na4 Qc7 19. Nd2 e5 20. Bb2 b5 21. Nc5 Rxa1 22. Rxa1 Nxc5 23. bxc5 exd4 24. Qb4 d3 25. Ra6 Nd7 26. Bd4 Qc8 27. Ra7 Bf6 28. Bh3 Bxd4 29. Qxd4 Nf8 30. Bxc8 Rxd4 31. f3 g5 32. Rc7 Ng6 33. Rxc6 Ne5 34. Rxh6 Nc4 35. Nb3 d2 36. Nxd2 Rxd2 37. Ra6 b4 38. c6 b3 39. Ra1 b2 40. Rb1 Na3 41. c7 Nxb1 0-1

[Event "EYCC Girls U20 2021"]
[Site "Tornelo"]
[Date "2021.10.15"]
[Round "2.1"]
[White "Heydarova, Aytaj"]
[Black "Afonasieva, Anna"]
[Result "0-1"]
[ECO "B99"]
[WhiteElo "1637"]
[BlackElo "2227"]
[Annotator "NA"]
[PlyCount "92"]
[EventDate "2021.10.15"]
[EventType "swiss"]
[EventCountry "NET"]
[SourceTitle "playchess.com"]
[Source "ChessBase"]
[SourceQuality "1"]
[TimeControl "5400+30"]

1. e4 c5 2. Nf3 d6 3. d4 cxd4 4. Nxd4 Nf6 5. Nc3 a6 6. Bg5 e6 7. f4 Be7 8. Qf3 Nbd7 9. O-O-O Qc7 10. g4 h6 11. Bxf6 Bxf6 12. h4 Qc5 13. Nce2 Nf8 $14 14. f5 Bd7 15. Nb3 Qc7 16. Qe3 Rc8 17. c3 Bb5 18. Ned4 Bxf1 19. Rdxf1 Qe7 20. Qg3 a5 21. Nb5 Be5 22. Qd3 a4 23. Na5 Rc5 24. b4 axb3 25. Nxb3 Rc6 26. Kb2 Nd7 27. fxe6 fxe6 28. N5d4 Rc7 29. g5 hxg5 30. hxg5 Rxh1 31. Rxh1 Qxg5 32. Qh3 Nf8 33. Rf1 Bf6 34. Rf3 Ke7 35. Qf1 Qh4 36. Nb5 Rc6 37. N5d4 Rc8 38. Rf4 Qh2+ 39. Rf2 Qe5 40. Qd3 Nd7 41. Qb5 Qxb5 42. Nxb5 Nb6 43. Rf3 Rh8 44. Na5 Na4+ 45. Kb3 Nc5+ 46. Kc4 Nxe4 0-1

[Event "EYCC Girls U20 2021"]
[Site "Tornelo"]
[Date "2021.10.15"]
[Round "2.2"]
[White "Schulze, Lara"]
[Black "Konecny, Sophie"]
[Result "1-0"]
[ECO "C06"]
[WhiteElo "2250"]
[BlackElo "1864"]
[Annotator "ChessBase"]
[PlyCount "131"]
[EventDate "2021.10.15"]
[EventType "swiss"]
[EventCountry "NET"]
[SourceTitle "playchess.com"]
[Source "ChessBase"]
[SourceQuality "1"]
[TimeControl "5400+30"]

1. e4 e6 2. d4 d5 3. Nd2 a6 4. Ngf3 Nf6 5. e5 Nfd7 6. Bd3 c5 7. c3 Nc6 8. O-O g5 9. Nb3 c4 10. Nxg5 cxd3 11. Nxe6 Qb6 12. Nf4 Ne7 13. Qh5 Ng6 14. Nxd5 Qc6 15. c4 Qxc4 16. Qf3 Bg7 17. Bg5 O-O 18. Rfc1 Qa4 19. Qxd3 Ndxe5 20. dxe5 Nxe5 21. Qg3 Qe4 22. Nf6+ Bxf6 23. Bxf6+ Ng6 24. Qg5 Qf4 25. Rc5 h6 26. Qxf4 Nxf4 27. g3 Ne6 28. Rd5 b5 29. Na5 Ng7 30. b3 Be6 31. Rc5 Rfc8 32. Nc6 Kh7 33. Rac1 Nf5 34. f3 Nd6 35. Ne7 Rxc5 36. Rxc5 Ne8 37. Bb2 Ra7 38. Nc6 Rc7 39. Bd4 Rc8 40. Kf2 Nd6 41. Ne7 Rxc5 42. Bxc5 Nb7 43. Bd4 Bd7 44. Ke3 Nd8 45. Ke4 Nc6 46. Nd5 Kg6 47. Nf4+ Kh7 48. Bc5 Nd8 49. Ke5 Ne6 50. Nd3 Ng5 51. f4 Nf3+ 52. Kf6 Nxh2 53. Kxf7 Nf1 54. Bf2 Bf5 55. Nc5 a5 56. Ne6 Bg6+ 57. Kf6 Bb1 58. f5 Nxg3 59. Bxg3 Bxa2 60. Ke7 Bb1 61. f6 Bg6 62. Nf8+ Kg8 63. Nxg6 b4 64. f7+ Kh7 65. Nf8+ Kh8 66. Be5# 1-0

[Event "EYCC Girls U20 2021"]
[Site "Tornelo"]
[Date "2021.10.15"]
[Round "2.3"]
[White "Radeva, Viktoria"]
[Black "Nosacheva, Mariya"]
[Result "1/2-1/2"]
[ECO "C54"]
[WhiteElo "2314"]
[BlackElo "2239"]
[Annotator "ChessBase"]
[PlyCount "106"]
[EventDate "2021.10.15"]
[EventType "swiss"]
[EventCountry "NET"]
[SourceTitle "playchess.com"]
[Source "ChessBase"]
[SourceQuality "1"]
[TimeControl "5400+30"]

1. e4 e5 2. Nf3 Nc6 3. Bc4 Bc5 4. d3 Nf6 5. O-O d6 6. c3 a5 7. Re1 O-O 8. h3 h6 9. Nbd2 Ba7 10. Nf1 Be6 11. Bb5 Ne7 12. Ng3 c6 13. Ba4 Qc8 14. d4 Ng6 15. Be3 Bb8 16. Bc2 Kh7 17. a4 b5 18. axb5 cxb5 19. Qe2 Bc7 20. Bd3 b4 21. Rec1 b3 22. d5 Bd7 23. c4 Qb8 24. Qd1 a4 25. c5 dxc5 26. Bxc5 Bd6 27. Bxd6 Qxd6 28. Nd2 Rfc8 29. Nc4 Qb4 30. Qe1 Qb8 31. Qe3 Ra7 32. Rd1 Rb7 33. Nf5 Ne8 34. g3 Rb4 35. Qe2 f6 36. h4 Bxf5 37. exf5 Ne7 38. d6 Nxd6 39. Nxd6 Qxd6 40. Ba6 Qb8 41. Bxc8 Qxc8 42. Rd6 Nxf5 43. Ra6 Qc2 44. Qh5 Qe4 45. Rd1 Rc4 46. Ra7 Nd4 47. Qf7 Qg4 48. Kg2 Qf3+ 49. Kh3 Qf5+ 50. Kg2 Qe4+ 51. Kh3 Qf5+ 52. Kg2 Qf3+ 53. Kh3 Qf5+ 1/2-1/2

[Event "EYCC Girls U20 2021"]
[Site "Tornelo"]
[Date "2021.10.15"]
[Round "2.4"]
[White "Cvitan, Ena"]
[Black "Bucur, Denisa-Andreea"]
[Result "1-0"]
[ECO "D27"]
[WhiteElo "2260"]
[BlackElo "2049"]
[Annotator "ChessBase"]
[PlyCount "75"]
[EventDate "2021.10.15"]
[EventType "swiss"]
[EventCountry "NET"]
[SourceTitle "playchess.com"]
[Source "ChessBase"]
[SourceQuality "1"]
[TimeControl "5400+30"]

1. d4 d5 2. c4 dxc4 3. e3 Nf6 4. Bxc4 a6 5. Nf3 e6 6. O-O Nbd7 7. b3 c5 8. Bb2 b5 9. Be2 Bb7 10. Nbd2 Be7 11. a4 b4 12. Nc4 O-O 13. Rc1 Rc8 14. dxc5 Nxc5 15. Qxd8 Rfxd8 16. Na5 Bd5 17. Bc4 Be4 18. Bd4 Nfd7 19. Rfd1 Bf6 20. Bxf6 Nxf6 21. Rxd8+ Rxd8 22. Nd4 Bd3 23. Ndc6 Ra8 24. Bxd3 Nxd3 25. Rd1 Nc5 26. Nxb4 h5 27. Nbc6 Kh7 28. f3 Rc8 29. Ne5 Rb8 30. Nxf7 Nd5 31. Ng5+ Kg6 32. Nxe6 Nxe3 33. Rd6 Nf5 34. Nf4+ Kg5 35. Nh3+ Kh4 36. Rd5 Nxb3 37. Rxf5 g5 38. Nf2 1-0

[Event "EYCC Girls U20 2021"]
[Site "Tornelo"]
[Date "2021.10.15"]
[Round "2.5"]
[White "Hereklioglu, Sude"]
[Black "Sliwicka, Alicja"]
[Result "0-1"]
[ECO "B22"]
[WhiteElo "1905"]
[BlackElo "2304"]
[Annotator "ChessBase"]
[PlyCount "108"]
[EventDate "2021.10.15"]
[EventType "swiss"]
[EventCountry "NET"]
[SourceTitle "playchess.com"]
[Source "ChessBase"]
[SourceQuality "1"]
[TimeControl "5400+30"]

1. e4 c5 2. Nf3 e6 3. c3 d5 4. exd5 Qxd5 5. d4 Nf6 6. Be2 Nc6 7. O-O cxd4 8. cxd4 Be7 9. Nc3 Qd8 10. b3 a6 11. a4 b6 12. Bb2 Bb7 13. Bc4 Na5 14. Qd3 Nxc4 15. bxc4 Rc8 16. Ne5 Nd7 17. Nxd7 Qxd7 18. d5 O-O 19. Rfd1 Bf6 20. Rab1 Rfd8 21. Qg3 Kh8 22. Ba1 exd5 23. Rxb6 d4 24. Nd5 Bxd5 25. cxd5 Qxd5 26. Rxa6 Qf5 27. Ra7 Qe6 28. Qd3 Rb8 29. Ra6 Qd5 30. a5 Rb3 31. Qd2 Ra3 32. h3 Ra2 33. Qf4 Be5 34. Qg4 Rxa5 35. Rxa5 Qxa5 36. f4 Bf6 37. Qf3 h6 38. Qe4 Qc5 39. Kh1 Qh5 40. Rd3 Qb5 41. Bxd4 Qc4 42. Bxf6 Qxd3 43. Qxd3 Rxd3 44. Be5 Kh7 45. Kg1 Kg6 46. Kf2 f6 47. Bc7 h5 48. Ke2 Rb3 49. Bd6 Kf5 50. Kf2 h4 51. Bf8 g6 52. Be7 Rd3 53. Ke2 Rd7 54. Bc5 Kxf4 0-1

[Event "EYCC Girls U20 2021"]
[Site "Tornelo"]
[Date "2021.10.15"]
[Round "3.1"]
[White "Sliwicka, Alicja"]
[Black "Heydarova, Aytaj"]
[Result "1-0"]
[ECO "B76"]
[WhiteElo "2304"]
[BlackElo "1637"]
[Annotator "NA"]
[PlyCount "89"]
[EventDate "2021.10.15"]
[EventType "swiss"]
[EventCountry "NET"]
[SourceTitle "playchess.com"]
[Source "ChessBase"]
[SourceQuality "1"]
[TimeControl "5400+30"]

1. e4 c5 2. Nf3 d6 3. d4 cxd4 4. Nxd4 Nf6 5. Nc3 g6 6. Be3 Bg7 7. f3 O-O 8. Qd2 Nc6 9. O-O-O d5 10. exd5 Nxd5 11. Nxc6 bxc6 12. Bd4 Qc7 13. Bxg7 Kxg7 14. Nxd5 cxd5 15. Qxd5 Be6 16. Qd4+ Kg8 17. Qa4 Rab8 18. Bd3 Rb6 19. Rd2 Rfb8 20. c3 Rc6 21. Re1 Rc5 22. Bb1 Ra5 23. Qh4 Rc5 24. Qd4 Qa5 25. Ree2 Rbc8 26. Kd1 R5c7 27. Ke1 Qa6 28. a3 Rd7 29. Qe3 Rxd2 30. Rxd2 Qa4 31. Qd4 Qa5 32. Kf2 Rc7 33. Qb4 Qxb4 34. axb4 Kg7 35. Ke3 Kf6 36. Be4 Bc4 37. Rd8 Ba6 38. Bd3 Bb7 39. c4 e5 40. b5 Ke7 41. Rh8 h5 42. b4 Ke6 43. Re8+ Kf6 44. c5 Bc8 45. Be4 1-0

[Event "EYCC Girls U20 2021"]
[Site "Tornelo"]
[Date "2021.10.15"]
[Round "3.2"]
[White "Bucur, Denisa-Andreea"]
[Black "Hereklioglu, Sude"]
[Result "0-1"]
[ECO "E62"]
[WhiteElo "2049"]
[BlackElo "1905"]
[Annotator "NA"]
[PlyCount "122"]
[EventDate "2021.10.15"]
[EventType "swiss"]
[EventCountry "NET"]
[SourceTitle "playchess.com"]
[Source "ChessBase"]
[SourceQuality "1"]
[TimeControl "5400+30"]

1. d4 Nf6 2. Nf3 g6 3. c4 Bg7 4. g3 d6 5. Bg2 c6 6. O-O O-O 7. Nc3 Qa5 8. Bd2 Qh5 9. Qb3 e5 10. dxe5 dxe5 11. Ng5 h6 12. Bf3 Bg4 13. Nge4 Nxe4 14. Nxe4 b6 15. c5 Nd7 16. cxb6 axb6 17. Rfc1 Bxf3 18. exf3 c5 19. Kg2 Kh7 20. Qb5 Rad8 21. Rd1 f5 22. Nd6 e4 23. f4 Qf3+ 24. Kg1 Bd4 25. Rf1 Nf6 26. Nc4 Ng4 27. Be1 Qe2 28. Nd6 Qxb2 29. Rb1 Qxb5 30. Nxb5 Ra8 31. h3 Nf6 32. Bc3 Bxc3 33. Nxc3 Ra3 34. Rfc1 Rb8 35. Rb2 g5 36. Nb1 Raa8 37. fxg5 hxg5 38. Rd1 b5 39. Rd6 Kg7 40. Rc6 c4 41. Rc5 Kg6 42. Nd2 f4 43. g4 Rd8 44. Nb1 e3 45. fxe3 fxe3 46. Re5 Rd1+ 47. Kg2 Re8 48. Rxe8 Nxe8 49. Kf3 Nc7 50. Nc3 Rd3 51. Nxb5 c3 52. Nxc3 Rxc3 53. a4 Nd5 54. h4 Nf4 55. h5+ Kg7 56. Rb7+ Kf6 57. h6 e2+ 58. Kf2 Rc1 59. Rb6+ Ke5 60. Rb5+ Kd6 61. Rb6+ Kc7 0-1

[Event "EYCC Girls U20 2021"]
[Site "Tornelo"]
[Date "2021.10.15"]
[Round "3.3"]
[White "Nosacheva, Mariya"]
[Black "Cvitan, Ena"]
[Result "1-0"]
[ECO "B11"]
[WhiteElo "2239"]
[BlackElo "2260"]
[Annotator "NA"]
[PlyCount "101"]
[EventDate "2021.10.15"]
[EventType "swiss"]
[EventCountry "NET"]
[SourceTitle "playchess.com"]
[Source "ChessBase"]
[SourceQuality "1"]
[TimeControl "5400+30"]

1. e4 c6 2. Nc3 d5 3. Nf3 dxe4 4. Nxe4 Nf6 5. Qe2 Nxe4 6. Qxe4 Be6 7. b3 Nd7 8. Bb2 Nf6 9. Qh4 Bf5 10. Bc4 e6 11. O-O-O Be7 12. Qg5 Bg6 13. Qe5 b5 14. Be2 Bd6 15. Qc3 Rc8 16. h4 Rg8 17. d3 Nd5 18. Qe1 Bh5 19. Nd4 Bb4 20. c3 Bxe2 21. Nxe2 Be7 22. Kb1 Bf6 23. Rh3 a5 24. f4 b4 25. c4 Bxb2 26. Kxb2 Qf6+ 27. d4 Ne7 28. g4 h5 29. g5 Qf5 30. Re3 Rd8 31. Re5 Qg4 32. Rxa5 Nf5 33. Re5 Nxh4 34. Qxb4 Ng6 35. Re4 Qg2 36. Re3 Nxf4 37. Rd2 Qxg5 38. Qb7 c5 39. Qb5+ Ke7 40. Nxf4 Qxf4 41. Qxc5+ Qd6 42. Qxh5 Ra8 43. Qg5+ f6 44. Qg4 Qa3+ 45. Kb1 Ra6 46. Rde2 e5 47. dxe5 f5 48. Qg5+ Ke8 49. Rd3 Qe7 50. Qxf5 Re6 51. Red2 1-0

[Event "EYCC Girls U20 2021"]
[Site "Tornelo"]
[Date "2021.10.15"]
[Round "3.4"]
[White "Konecny, Sophie"]
[Black "Radeva, Viktoria"]
[Result "0-1"]
[ECO "E06"]
[WhiteElo "1864"]
[BlackElo "2314"]
[Annotator "NA"]
[PlyCount "82"]
[EventDate "2021.10.15"]
[EventType "swiss"]
[EventCountry "NET"]
[SourceTitle "playchess.com"]
[Source "ChessBase"]
[SourceQuality "1"]
[TimeControl "5400+30"]

1. d4 d5 2. c4 e6 3. Nf3 Nf6 4. g3 Be7 5. Bg2 O-O 6. O-O c6 7. Qc2 b6 8. Nbd2 Bb7 9. e4 Na6 10. a3 Rc8 11. b3 c5 12. exd5 exd5 13. dxc5 Nxc5 14. Bb2 dxc4 15. Nxc4 Be4 16. Qc3 Qd3 17. Qxd3 Bxd3 18. Rfe1 Nxb3 19. Rxe7 Nxa1 20. Nd6 Rc2 21. Bxa1 Ne4 22. Nxe4 Rc1+ 23. Bf1 Rxf1+ 24. Kg2 Rxa1 25. Ned2 Rxa3 26. Re3 Rd8 27. Ne5 f6 28. Nc6 Rd6 29. Ne7+ Kf7 30. Nc4 Bxc4 31. Rxa3 Kxe7 32. Rxa7+ Rd7 33. Ra3 b5 34. Kf3 Rd3+ 35. Rxd3 Bxd3 36. Ke3 Bc4 37. Kd4 Kd6 38. f4 Be6 39. Kd3 Kc5 40. Kc3 b4+ 41. Kb2 Kd4 0-1

[Event "EYCC Girls U20 2021"]
[Site "Tornelo"]
[Date "2021.10.15"]
[Round "3.5"]
[White "Afonasieva, Anna"]
[Black "Schulze, Lara"]
[Result "1/2-1/2"]
[ECO "D00"]
[WhiteElo "2227"]
[BlackElo "2250"]
[Annotator "NA"]
[PlyCount "67"]
[EventDate "2021.10.15"]
[EventType "swiss"]
[EventCountry "NET"]
[SourceTitle "playchess.com"]
[Source "ChessBase"]
[SourceQuality "1"]
[TimeControl "5400+30"]

1. d4 Nf6 2. Bf4 d5 3. e3 e6 4. c3 Bd6 5. Bg3 O-O 6. Nf3 c5 7. Nbd2 Qc7 8. dxc5 Qxc5 9. Bd3 Nbd7 10. O-O Bxg3 11. hxg3 Qc7 12. Qe2 Nc5 13. Bc2 b6 14. b4 Ba6 15. c4 Ncd7 16. Bd3 Rac8 17. cxd5 Bxd3 18. Qxd3 Nxd5 19. a3 Qc3 20. Qd4 a6 21. e4 Qxd4 22. Nxd4 Nc3 23. Rfe1 Rfd8 24. N2b3 Ne5 25. Kf1 Rc4 26. f4 Nc6 27. Nxc6 Rxc6 28. Rac1 Rdc8 29. Re3 Kf8 30. Ke1 Ke7 31. e5 h5 32. Rd3 g6 33. Nd2 Nd5 34. Rxc6 1/2-1/2

[Event "EYCC Girls U20 2021"]
[Site "Tornelo"]
[Date "2021.10.15"]
[Round "4.1"]
[White "Heydarova, Aytaj"]
[Black "Schulze, Lara"]
[Result "0-1"]
[ECO "C47"]
[WhiteElo "1637"]
[BlackElo "2250"]
[Annotator "ChessBase"]
[PlyCount "80"]
[EventDate "2021.10.15"]
[EventType "swiss"]
[EventCountry "NET"]
[SourceTitle "playchess.com"]
[Source "ChessBase"]
[SourceQuality "1"]
[TimeControl "5400+30"]

1. e4 e5 2. Nf3 Nc6 3. Nc3 Nf6 4. a3 d5 5. Bb5 Nxe4 6. Qe2 Qd6 7. Nxe4 dxe4 8. Qxe4 Bd7 9. d4 f5 10. Qe2 e4 11. Bxc6 Qxc6 12. Ne5 Qe6 13. Bg5 Bd6 14. Nxd7 Qxd7 15. f3 O-O 16. fxe4 fxe4 17. O-O-O Qf5 18. Be3 b5 19. Rdf1 Qd5 20. Qg4 Kh8 21. Kb1 a5 22. Qg5 Qc4 23. Rf5 b4 24. b3 Qc3 25. Rxf8+ Rxf8 26. Bc1 bxa3 27. Qd2 Qxd2 28. Bxd2 Rf2 29. Bxa5 Rxg2 30. Re1 Rxh2 31. Rxe4 h5 32. c4 Rb2+ 33. Ka1 Rxb3 34. c5 Bg3 35. d5 Kh7 36. Re7 h4 37. Bxc7 Bxc7 38. Rxc7 h3 39. Re7 h2 40. Re1 Rg3 0-1

[Event "EYCC Girls U20 2021"]
[Site "Tornelo"]
[Date "2021.10.15"]
[Round "4.2"]
[White "Radeva, Viktoria"]
[Black "Afonasieva, Anna"]
[Result "0-1"]
[ECO "B11"]
[WhiteElo "2314"]
[BlackElo "2227"]
[Annotator "ChessBase"]
[PlyCount "98"]
[EventDate "2021.10.15"]
[EventType "swiss"]
[EventCountry "NET"]
[SourceTitle "playchess.com"]
[Source "ChessBase"]
[SourceQuality "1"]
[TimeControl "5400+30"]

1. e4 c6 2. Nc3 d5 3. Nf3 Nf6 4. e5 Ne4 5. Ne2 Qb6 6. d4 e6 7. Ng3 Nxg3 8. fxg3 c5 9. Bd3 Nc6 10. a3 cxd4 11. O-O Be7 12. Kh1 Bd7 13. Qe1 O-O-O 14. b4 f6 15. exf6 Bxf6 16. b5 Ne7 17. Ne5 Ng6 18. Nf7 e5 19. Nxd8 Rxd8 20. Bd2 Re8 21. Ba5 Qd6 22. Bb4 Qc7 23. Bf5 Bxf5 24. Rxf5 Qd7 25. Qf1 e4 26. Re1 Ne5 27. Bc5 Nc4 28. Qf4 b6 29. Rxf6 gxf6 30. Bxd4 Nxa3 31. Bxf6 Kb7 32. Qc1 Nxb5 33. c4 Rc8 34. Rd1 Qc6 35. Qh6 Qxc4 36. Qxh7+ Rc7 37. Qf5 e3 38. Qf3 e2 39. Re1 Rc6 40. g4 d4 41. Bg5 d3 42. Bd2 Nd4 43. Qf8 Nc2 44. Rc1 Qe4 45. Qf7+ Rc7 46. Qf2 Qxg4 47. h3 Qe4 48. Kg1 Re7 49. Be1 Nxe1 0-1

[Event "EYCC Girls U20 2021"]
[Site "Tornelo"]
[Date "2021.10.15"]
[Round "4.3"]
[White "Cvitan, Ena"]
[Black "Konecny, Sophie"]
[Result "1-0"]
[ECO "E42"]
[WhiteElo "2260"]
[BlackElo "1864"]
[Annotator "ChessBase"]
[PlyCount "89"]
[EventDate "2021.10.15"]
[EventType "swiss"]
[EventCountry "NET"]
[SourceTitle "playchess.com"]
[Source "ChessBase"]
[SourceQuality "1"]
[TimeControl "5400+30"]

1. d4 Nf6 2. c4 e6 3. Nc3 Bb4 4. e3 c5 5. Nge2 cxd4 6. exd4 d5 7. c5 Ba5 8. a3 a6 9. Bf4 Bc7 10. g3 Nc6 11. Bg2 O-O 12. O-O Ne7 13. b4 Ng6 14. Bxc7 Qxc7 15. f4 Bd7 16. Nc1 Bb5 17. Nxb5 axb5 18. Qd3 Qc6 19. Nb3 Ne7 20. Rfc1 Ra6 21. Na5 Qd7 22. Bf1 Nc6 23. Qxb5 Rxa5 24. bxa5 Ra8 25. Rab1 Nxa5 26. Qxd7 Nxd7 27. Bb5 Nb8 28. Kf2 g6 29. Ke3 Kg7 30. Bd3 Nbc6 31. Rb6 Ne7 32. g4 Nc8 33. Rb5 Ne7 34. Rcb1 Nec6 35. h4 Kf6 36. Rc1 Re8 37. Rh1 Rh8 38. h5 g5 39. fxg5+ Kxg5 40. h6 f6 41. Rh5+ Kxg4 42. Be2+ Kg3 43. Rb1 Kg2 44. Bf3+ Kg3 45. Rg1# 1-0

[Event "EYCC Girls U20 2021"]
[Site "Tornelo"]
[Date "2021.10.15"]
[Round "4.4"]
[White "Hereklioglu, Sude"]
[Black "Nosacheva, Mariya"]
[Result "1-0"]
[ECO "A05"]
[WhiteElo "1905"]
[BlackElo "2239"]
[Annotator "ChessBase"]
[PlyCount "55"]
[EventDate "2021.10.15"]
[EventType "swiss"]
[EventCountry "NET"]
[SourceTitle "playchess.com"]
[Source "ChessBase"]
[SourceQuality "1"]
[TimeControl "5400+30"]

1. Nf3 Nf6 2. g3 b5 3. Bg2 Bb7 4. O-O e6 5. d3 c5 6. e4 d6 7. Na3 Qb6 8. Qe2 a6 9. c3 Be7 10. Bg5 Nbd7 11. Nd2 Rc8 12. f4 h6 13. Bh4 e5 14. Nc2 c4+ 15. d4 Nf8 16. Kh1 g5 17. fxg5 hxg5 18. Bxg5 Nh5 19. Qg4 Bxg5 20. Qxg5 Rc7 21. Bf3 Ne6 22. Qh4 Nxg3+ 23. Qxg3 exd4 24. Nxd4 Nxd4 25. cxd4 Qxd4 26. Rad1 Qxb2 27. Qxd6 Rd7 28. Qxd7+ 1-0

[Event "EYCC Girls U20 2021"]
[Site "Tornelo"]
[Date "2021.10.15"]
[Round "4.5"]
[White "Sliwicka, Alicja"]
[Black "Bucur, Denisa-Andreea"]
[Result "1-0"]
[ECO "C01"]
[WhiteElo "2304"]
[BlackElo "2049"]
[Annotator "ChessBase"]
[PlyCount "75"]
[EventDate "2021.10.15"]
[EventType "swiss"]
[EventCountry "NET"]
[SourceTitle "playchess.com"]
[Source "ChessBase"]
[SourceQuality "1"]
[TimeControl "5400+30"]

1. e4 e6 2. d4 d5 3. Nc3 Bb4 4. exd5 exd5 5. Bd3 Nf6 6. Nge2 O-O 7. O-O c6 8. a3 Bd6 9. Bf4 Be6 10. Qd2 Qc7 11. Bxd6 Qxd6 12. Nf4 Nbd7 13. Nce2 b5 14. Ng3 Rfe8 15. Rfe1 a6 16. c3 c5 17. dxc5 Nxc5 18. Bc2 Rad8 19. Rad1 Qb6 20. Nfh5 Nxh5 21. Nxh5 f6 22. Qf4 Bf7 23. Rxe8+ Bxe8 24. Qg4 Bxh5 25. Qxh5 g6 26. Qf3 Qd6 27. Qe3 Kg7 28. h4 Nd7 29. h5 Ne5 30. h6+ Kf7 31. Qd4 Nc4 32. b3 Ne5 33. a4 Qe6 34. axb5 axb5 35. Be4 Qg4 36. Bxd5+ Ke7 37. Qc5+ Rd6 38. Qxd6+ 1-0